 Dungeon Crawl Stone Soup version 0.19.0-2-gae57169 (webtiles) character file.

3 thirtiethelement the Changer (level 1, -24/11 HPs)
             Began as an Octopode Wanderer on Nov 6, 2016.
             Killed from afar by a giant cockroach (34 damage)
             ... with an exploding inner flame
             ... hexed by the player character
             ... on level 1 of the Dungeon.
             The game lasted 00:02:52 (183 turns).

thirtiethelement the Changer (Octopode Wanderer)     Turns: 183, Time: 00:02:53

Health: -24/11     AC:  1    Str:  9    XL:     1   Next: 50%
Magic:  1/3        EV: 12    Int: 13    God:
Gold:   16         SH:  0    Dex: 14    Spells: 2 memorised, 2 levels left

rFire  . . .     SeeInvis .     d - +0 dagger
rCold  . . .     Gourm    .     (no shield)
rNeg   . . .     Faith    .     (helmet restricted)
rPois  .         Spirit   .     (no amulet)
rElec  .         Reflect  .     (no ring)
rCorr  .         Harm     .     (no ring)
MR     .....                    (no ring)
Stlth  +++.......               (no ring)
                                (no ring)
                                (no ring)
                                (no ring)
                                (no ring)

@: no status effects
A: almost no armour, stealthy swim, amphibious, 8 rings, constrict 8, camouflage
1, gelatinous body 1
a: no special abilities


You were on level 1 of the Dungeon.
You were not hungry.

You visited 1 branch of the dungeon, and saw 1 of its levels.

You collected 16 gold pieces.

Inventory:

Hand Weapons
 d - a +0 dagger (weapon)
Potions
 c - a potion of lignification
 e - a potion of flight {unknown}
Books
 a - a book of Changes

   Spells                             Type                      Level
   a - Beastly Appendage              Transmutation                1
   b - Sticks to Snakes               Transmutation                2
   c - Spider Form                    Transmutation/Poison         3
   d - Ice Form                       Ice/Transmutation            4
   e - Blade Hands                    Transmutation                5
 b - Sif Muna's Catalogue of Poison

   Spells                             Type                      Level
   a - Sting                          Conjuration/Poison           1
   b - Mephitic Cloud                 Conjuration/Poison/Air       3
Comestibles
 f - a bread ration


   Skills:
 + Level 1.3 Stealth
 + Level 2.0 Spellcasting
 + Level 5.1 Transmutations
 + Level 1.2 Poison Magic
   Level 1.1 Evocations


You had 2 spell levels left.
You knew the following spells:

 Your Spells              Type           Power        Failure   Level  Hunger
a - Beastly Appendage     Tmut           ##....       3%          1    ##.....
b - Sting                 Conj/Pois      #...         21%         1    ##.....


Dungeon Overview and Level Annotations

Branches:
Dungeon (1/15)

Altars:


Innate Abilities, Weirdness & Mutations

You cannot wear most types of armour.
You are very stealthy in the water. (Stealth+)
You are amphibious.
You can wear up to eight rings at the same time.
You can use your tentacles to constrict eight enemies at once.
Your skin changes colour to match your surroundings (Stealth+).
Your rubbery body absorbs attacks. (AC +1, EV +1)


Message History

Confirm with . or Enter, or press ? or * to list all spells.
You don't know that spell.
Casting: Sting
Confirm with . or Enter, or press ? or * to list all spells.
Aiming: Sting
Press: ? - help, Shift-Dir - straight line, f/p - kobold
Aim: a kobold, wielding a short sword (inner flame)
The sting hits the kobold.
The kobold is poisoned.
The kobold is moderately wounded.
The kobold explodes!
You hit the giant cockroach. Your grab misses the giant cockroach.
Your squeeze misses the giant cockroach.
The giant cockroach is severely wounded.
The giant cockroach barely misses you.
You hit the giant cockroach but do no damage.
Your grab misses the giant cockroach. You squeeze the giant cockroach.
The giant cockroach explodes!
The fiery explosion engulfs you!
Ouch! That really hurt!
You die...

.#######.#######..
#....................
+....#####.##########
#....# #.#
#s...#####.#
.......%..# #§§.....#
#.§.....#
#@§.....#####
#.§§§()......#
#.§§§........#
#............#
#..%.........#
#####..........
#.#...!....
#.......... ##.......


There were no monsters in sight!

Vanquished Creatures
  A bat (D:1)
  3 kobolds (D:1)
4 creatures vanquished.

Notes
Turn   | Place    | Note
-------+----------+-------------------------------------------
     0 | D:1      | thirtiethelement the Octopode Wanderer began the quest for the Orb.
     0 | D:1      | thirtiethelement set off with: a book of Changes, Sif Muna's Catalogue of Poison, a potion of lignification, a +0 dagger, a bread ration
     0 | D:1      | Reached XP level 1. HP: 11/11 MP: 3/3
     7 | D:1      | Learned a level 1 spell: Beastly Appendage
     9 | D:1      | Learned a level 1 spell: Sting
   183 | D:1      | Killed from afar by a giant cockroach

Action                   || total
-------------------------++-------
Melee: Dagger            ||     3
       Tentacles         ||     2
       Constrict         ||     1
 Cast: Sting             ||     4
  Use: Scroll            ||     3
Dodge: Dodged            ||     4
